[Event "Titled Tuesday Blitz November 01 Early 2022"]
[White "Shubenkova, Veronika"]
[Black "Sovetbekova, Nurai"]
[WhiteFideId "44124040"]
[BlackFideId "13801910"]
[WhiteElo "2027"]
[BlackElo "1925"]
[Result "1-0"]
[Round "10"]
[TimeControl "180+1"]
[Date "2022.11.02"]
[WhiteClock "0:00:05"]
[BlackClock "0:00:08"]

1. e4 c5 2. Nc3 d6 3. g3 g6 4. Bg2 Bg7 5. f4 e6 6. Nf3 Ne7 7. d3 O-O 8. Be3 Nbc6 9. O-O a6 10. Rb1 b5 11. Ne2 Bb7 12. d4 cxd4 13. Nfxd4 Qc7 14. a3 Rac8 15. c3 Na5 16. Bf2 Nc4 17. Qd3 e5 18. Nf3 d5 19. Nxe5 Nxe5 20. fxe5 dxe4 21. Bxe4 Rcd8 22. Nd4 Bxe5 23. Qf3 Bxe4 24. Qxe4 Bg7 25. Rbe1 Nd5 26. Re2 Nf6 27. Qf3 Nd7 28. Nc6 Rde8 29. Rfe1 Rxe2 30. Rxe2 Nb8 31. Ne7+ Kh8 32. Nd5 Qc6 33. Kg2 Nd7 34. Nb4 Qxf3+ 35. Kxf3 Ne5+ 36. Kg2 a5 37. Nd5 Nc4 38. Nc7 Rb8 39. Nd5 h5 40. h4 Rd8 41. Nc7 Rb8 42. Bg1 Kh7 43. Nd5 Ne5 44. Nf4 Ng4 45. Nh3 Rd8 46. Ng5+ Kg8 47. Bb6 Rd1 48. Bxa5 Rb1 49. Bb4 Rxb2 50. Rxb2 Ne3+ 51. Kf3 Nc4 52. Re2 Ne5+ 53. Kg2 f6 54. Nf3 Kf7 55. Nxe5+ fxe5 56. Rd2 Ke6 57. Rd6+ Kf5 58. Rd5 Ke6 59. Rxb5 e4 60. a4 Be5 61. Kf1 Bxg3 62. Ke2 Bxh4 63. a5 Bd8 64. a6 h4 65. a7 h3 66. a8=Q h2 67. Qxe4+ Kf6 68. Qh1 1-0


[Site "https://www.chess.com"]

[Event "Titled Tuesday Blitz November 01 Early 2022"]
[White "Silva Lucena, Cristian"]
[Black "Estrada Nieto, Julian"]
[WhiteFideId "2232588"]
[BlackFideId "5101018"]
[WhiteElo "2223"]
[BlackElo "2252"]
[Result "0-1"]
[Round "10"]
[TimeControl "180+1"]
[Date "2022.11.02"]
[WhiteClock "0:00:10"]
[BlackClock "0:00:05"]

1. Nf3 d5 2. d4 Nf6 3. c4 dxc4 4. e3 e6 5. Bxc4 a6 6. O-O c5 7. Be2 Nc6 8. dxc5 Bxc5 9. Qxd8+ Kxd8 10. a3 Ke7 11. b4 Bd6 12. Bb2 Bd7 13. Nbd2 Rhd8 14. Nc4 Bc7 15. Rac1 Rac8 16. Rfd1 Be8 17. Rxd8 Rxd8 18. Kf1 h6 19. Ke1 g5 20. h3 Ne4 21. Nfe5 Nxe5 22. Bxe5 Bxe5 23. Nxe5 Kd6 24. Nc4+ Ke7 25. Bf3 f5 26. Nb6 Bc6 27. Nc4 Kf6 28. Bxe4 Bxe4 29. f3 Bd5 30. Nd2 Bc6 31. Rc3 h5 32. Nb3 g4 33. hxg4 fxg4 34. Kf2 Rd1 35. Nd4 Bd5 36. Rc8 Rd2+ 37. Kg3 gxf3 38. gxf3 Rd3 39. Kf2 Rxa3 40. e4 Ba2 41. f4 Ra4 42. e5+ Kg6 43. Rg8+ Kf7 44. Rh8 Rxb4 45. Ke3 Bd5 46. Rxh5 a5 47. f5 exf5 48. Rh7+ Kg6 49. Rd7 f4+ 50. Kd3 Bc6 51. Rd6+ Kg5 52. e6 Rb1 53. e7 Re1 54. Ne6+ Kf6 55. Rxc6 Kxe7 56. Rb6 Rxe6 57. Rxb7+ Kf6 58. Ra7 Re3+ 59. Kd2 Ra3 60. Ke2 Kf5 61. Kf2 f3 62. Rf7+ Ke5 63. Re7+ Kd4 64. Re8 a4 65. Rc8 Rc3 66. Rd8+ Kc4 67. Rb8 a3 68. Kg3 a2 69. Ra8 Rc2 70. Kxf3 Kc3 71. Ke3 Kb2 72. Rb8+ Kc1 73. Ra8 Kb1 74. Rb8+ Rb2 0-1


[Site "https://www.chess.com"]

[Event "Titled Tuesday Blitz November 01 Early 2022"]
[White "Srebrnic, Marko"]
[Black "Postnikov, Daniil"]
[WhiteFideId "14603616"]
[BlackFideId "4166329"]
[WhiteElo "2340"]
[BlackElo "2261"]
[Result "0-1"]
[Round "10"]
[TimeControl "180+1"]
[Date "2022.11.02"]
[WhiteClock "0:00:14"]
[BlackClock "0:00:50"]

1. e4 e6 2. d4 d5 3. Nc3 Bb4 4. e5 c5 5. a3 Bxc3+ 6. bxc3 Ne7 7. a4 b6 8. Nf3 Ba6 9. Bxa6 Nxa6 10. O-O Qc7 11. h4 Nb8 12. h5 h6 13. g4 Nbc6 14. Qd3 Rc8 15. Bd2 Na5 16. Rac1 Nc4 17. Bf4 Qd7 18. Ra1 g6 19. Kh2 Kd8 20. a5 Nxa5 21. dxc5 Rxc5 22. Nd4 gxh5 23. gxh5 Nac6 24. Rg1 Rc4 25. Rg7 Nxd4 26. Rxf7 Ndf5 27. Qf3 Qe8 28. Rf6 a5 29. Rxe6 Rg8 30. Rd1 Qf7 31. Rxd5+ Nxd5 32. Qxd5+ Qd7 33. Qxc4 Rg4 34. Bg3 Rxc4 0-1


[Site "https://www.chess.com"]

[Event "Titled Tuesday Blitz November 01 Early 2022"]
[White "Storey, Charles H"]
[Black "Rosh Jain"]
[WhiteFideId "406686"]
[BlackFideId "25789465"]
[WhiteElo "2252"]
[BlackElo "2233"]
[Result "1-0"]
[Round "10"]
[TimeControl "180+1"]
[Date "2022.11.02"]
[WhiteClock "0:00:09"]
[BlackClock "0:00:01"]

1. d4 Nf6 2. c4 e6 3. g3 d5 4. Bg2 dxc4 5. Qa4+ Nc6 6. Bxc6+ bxc6 7. Qxc4 Qd5 8. Qxd5 cxd5 9. Nf3 Ba6 10. Bf4 c5 11. Nc3 cxd4 12. Nxd4 Bc5 13. Nb3 Bb6 14. Rd1 O-O 15. Bg5 Ng4 16. O-O f6 17. Bc1 Rac8 18. h3 Ne5 19. Nd4 Bxd4 20. Rxd4 Nc6 21. Ra4 Bb7 22. Be3 a6 23. Bc5 Rfd8 24. b4 Ne5 25. Re1 Nd7 26. Ra5 Nb8 27. Ra3 Nc6 28. Na4 Ne5 29. Nb6 Rc6 30. Re3 Re8 31. f4 Nf7 32. Nxd5 Rxc5 33. Nxf6+ gxf6 34. bxc5 Bd5 35. Ra3 Bc4 36. Rc1 Bb5 37. Kf2 e5 38. Re3 Rc8 39. Rec3 Rc6 40. Ra1 a5 41. a4 Ba6 42. Rb1 Kf8 43. Rb6 Nd8 44. fxe5 fxe5 45. Re3 Rxb6 46. cxb6 Nc6 47. Rc3 Nd4 48. Rc7 Ne6 49. b7 1-0


[Site "https://www.chess.com"]

[Event "Titled Tuesday Blitz November 01 Early 2022"]
[White "Stribuk, Artiom"]
[Black "Salem, A.R. Saleh"]
[WhiteFideId "13515659"]
[BlackFideId "9301348"]
[WhiteElo "2279"]
[BlackElo "2628"]
[Result "0-1"]
[Round "10"]
[TimeControl "180+1"]
[Date "2022.11.01"]
[WhiteClock "0:00:15"]
[BlackClock "0:02:10"]

1. d4 Nf6 2. c4 e6 3. g3 c5 4. Nf3 cxd4 5. Nxd4 a6 6. Nc3 Qc7 7. Bg2 Qxc4 8. O-O Nc6 9. Nb3 Be7 10. Be3 O-O 11. Rc1 Qg4 12. h3 Qh5 13. Na4 d5 14. Nb6 Rb8 15. Nc5 d4 16. g4 Qxc5 17. Rxc5 Bxc5 18. Bf4 e5 19. Nxc8 exf4 20. Qc2 Nd7 21. Bxc6 bxc6 22. b4 Rxb4 23. Qf5 Rb7 24. Rc1 g6 25. Qg5 Rxc8 26. Rxc5 Nxc5 27. Qxc5 f3 28. exf3 Rd7 29. Kf1 d3 0-1


[Site "https://www.chess.com"]

[Event "Titled Tuesday Blitz November 01 Early 2022"]
[White "Svane, Rasmus"]
[Black "Zemlyanskii, Ivan"]
[WhiteFideId "4657101"]
[BlackFideId "24249971"]
[WhiteElo "2674"]
[BlackElo "2107"]
[Result "1-0"]
[Round "10"]
[TimeControl "180+1"]
[Date "2022.11.01"]
[WhiteClock "0:01:06"]
[BlackClock "0:00:06"]

1. Nf3 Nf6 2. g3 d5 3. Bg2 c5 4. O-O e6 5. c4 d4 6. e3 Nc6 7. exd4 cxd4 8. d3 h6 9. Bf4 Bd6 10. Bxd6 Qxd6 11. Nbd2 O-O 12. a3 a5 13. Rc1 e5 14. c5 Qc7 15. Nc4 Be6 16. Re1 Nd7 17. Qe2 Nxc5 18. Ncxe5 Nxe5 19. Nxe5 Qb6 20. Nc4 Qa6 21. b4 axb4 22. axb4 Na4 23. Qe5 Rfd8 24. b5 Qa7 25. Nd6 Nb2 26. Nf5 Bxf5 27. Qxf5 Qb6 28. Re7 Qg6 29. Qxg6 fxg6 30. Be4 Ra3 31. Rcc7 Nxd3 32. Rxg7+ Kh8 33. Rh7+ Kg8 34. Rcg7+ Kf8 35. Rxb7 Kg8 36. Rbg7+ Kf8 37. Rxg6 Ra1+ 38. Kg2 Ne5 39. Rh8+ Ke7 40. Rxd8 Kxd8 41. Rd6+ Ke7 42. Rxd4 Nf3 43. Bxf3 1-0


[Site "https://www.chess.com"]

[Event "Titled Tuesday Blitz November 01 Early 2022"]
[White "Szente Varga, Fruzsina"]
[Black "Garv Gaur"]
[WhiteFideId "712264"]
[BlackFideId "45030839"]
[WhiteElo "1994"]
[BlackElo "1960"]
[Result "0-1"]
[Round "10"]
[TimeControl "180+1"]
[Date "2022.11.02"]
[WhiteClock "0:00:53"]
[BlackClock "0:01:14"]

1. e4 c6 2. d4 d5 3. Nc3 dxe4 4. Nxe4 Bf5 5. Ng3 Bg6 6. Bc4 e6 7. c3 Bd6 8. N1e2 Ne7 9. O-O Nd7 10. f4 O-O 11. Bd3 Nf6 12. f5 exf5 13. Nxf5 Nxf5 14. Bxf5 Re8 15. Bg5 Qe7 16. Ng3 Bxg3 17. hxg3 Bxf5 18. Rxf5 Qd7 19. Qf3 Ne4 20. Rf1 f6 21. Bc1 Re7 22. g4 h6 23. Qd3 Rae8 24. d5 cxd5 25. Qxd5+ Qxd5 26. Rxd5 Ng3 27. Rfd1 Re2 28. Bf4 Ne4 29. Rb5 b6 30. Rd7 Nf2 31. Rxa7 Nxg4 32. Rxb6 Re1# 0-1


[Site "https://www.chess.com"]

[Event "Titled Tuesday Blitz November 01 Early 2022"]
[White "Terzi, Alexei"]
[Black "Goltseva, Ekaterina"]
[WhiteFideId "13505076"]
[BlackFideId "24173770"]
[WhiteElo "2172"]
[BlackElo "2200"]
[Result "1/2-1/2"]
[Round "10"]
[TimeControl "180+1"]
[Date "2022.11.02"]
[WhiteClock "0:00:14"]
[BlackClock "0:00:05"]

1. e4 e5 2. Nf3 Nf6 3. Nxe5 Nxe4 4. Qe2 Qe7 5. Qxe4 d6 6. d4 dxe5 7. Qxe5 Qxe5+ 8. dxe5 Bf5 9. Bd3 Bxd3 10. cxd3 Nc6 11. f4 Nb4 12. Na3 Nxd3+ 13. Ke2 Nxc1+ 14. Raxc1 Bxa3 15. bxa3 O-O-O 16. Rc3 c6 17. Ke3 g6 18. Rf1 Rd5 19. Rf2 h5 20. g3 Re8 21. Ke4 f6 22. h4 fxe5 23. f5 Rd4+ 24. Ke3 Rg4 25. Ke2 Rf8 26. fxg6 Rxf2+ 27. Kxf2 Rxg6 28. Rf3 e4 29. Rf5 e3+ 30. Kf3 e2 31. Re5 Kc7 32. Rxe2 Kd6 33. Re8 Rf6+ 34. Kg2 Rf5 35. Re3 Rc5 36. Kf3 Rf5+ 37. Kg2 c5 38. Kh3 c4 39. g4 hxg4+ 40. Kxg4 Rf1 41. h5 Rg1+ 42. Kf5 Kd5 43. h6 Kd4 44. Re7 c3 45. Rd7+ Ke3 46. Rc7 Kd2 47. Rd7+ Kc1 48. Rxb7 c2 49. Rxa7 Kb1 50. Rc7 Rh1 51. Kg6 Rg1+ 52. Kf7 Rf1+ 53. Kg8 Rg1+ 54. Kf7 Rf1+ 55. Kg7 Rg1+ 56. Kf7 1/2-1/2


[Site "https://www.chess.com"]

[Event "Titled Tuesday Blitz November 01 Early 2022"]
[White "Tharushi, T H D Niklesha"]
[Black "Kvaloy, Aksel Bu"]
[WhiteFideId "9918264"]
[BlackFideId "1528815"]
[WhiteElo "1596"]
[BlackElo "2178"]
[Result "0-1"]
[Round "10"]
[TimeControl "180+1"]
[Date "2022.11.02"]
[WhiteClock "0:01:58"]
[BlackClock "0:01:35"]

1. e4 e5 2. Nf3 Nf6 3. Nxe5 Nc6 4. Nxc6 dxc6 5. d3 Bc5 6. Be2 h5 7. c3 Ng4 8. d4 Qh4 9. g3 Qf6 10. f3 h4 11. e5 Qe7 12. fxg4 hxg3 13. Bf4 Rxh2 14. Rxh2 gxh2 15. Bxh2 Qh4+ 16. Kd2 Qxh2 17. dxc5 Bxg4 18. Ke1 Qg1+ 19. Kd2 O-O-O+ 20. Kc2 Rxd1 21. Bxd1 Qxd1# 0-1


[Site "https://www.chess.com"]

[Event "Titled Tuesday Blitz November 01 Early 2022"]
[White "Timofeev, Artyom"]
[Black "Aizpurua, Patrick Emilio"]
[WhiteFideId "4140419"]
[BlackFideId "6600522"]
[WhiteElo "2579"]
[BlackElo "2378"]
[Result "1-0"]
[Round "10"]
[TimeControl "180+1"]
[Date "2022.11.02"]
[WhiteClock "0:01:19"]
[BlackClock "0:00:02"]

1. d4 e6 2. Bf4 c5 3. e3 Nc6 4. Nc3 Nf6 5. Nf3 cxd4 6. exd4 d5 7. Nb5 Bb4+ 8. c3 Ba5 9. Nd6+ Ke7 10. Nxc8+ Rxc8 11. Bd3 h6 12. O-O Bc7 13. Bd2 Ne4 14. Re1 f5 15. c4 Kf7 16. cxd5 exd5 17. Qb3 Re8 18. Bc3 Bb6 19. a4 Kg8 20. g3 Kh7 21. Kg2 Qd7 22. a5 Bd8 23. Ne5 Nxe5 24. dxe5 a6 25. f3 Nc5 26. Qc2 Nxd3 27. Qxd3 Qe6 28. Rad1 Rc5 29. Re2 Bxa5 30. b4 Rxc3 31. Qxc3 Bb6 32. Qd3 Rd8 33. f4 d4 34. h4 g6 35. h5 gxh5 36. Qf3 Qc4 37. Qxh5 d3 38. Qxf5+ 1-0


[Site "https://www.chess.com"]

[Event "Titled Tuesday Blitz November 01 Early 2022"]
[White "Tokhirjonova, Gulrukhbegim"]
[Black "Rohith Krishna S"]
[WhiteFideId "14203626"]
[BlackFideId "46617051"]
[WhiteElo "2236"]
[BlackElo "2270"]
[Result "0-1"]
[Round "10"]
[TimeControl "180+1"]
[Date "2022.11.01"]
[WhiteClock "0:00:01"]
[BlackClock "0:00:07"]

1. e4 e6 2. d4 d5 3. e5 c5 4. c3 Nc6 5. Nf3 Qb6 6. Bd3 Bd7 7. O-O cxd4 8. Re1 Nh6 9. a3 a5 10. cxd4 Nxd4 11. Nxd4 Qxd4 12. Nc3 Ng4 13. Be3 Nxe3 14. Rxe3 Qb6 15. Rc1 Qxb2 16. Re2 Qxa3 17. Nb5 Bxb5 18. Bxb5+ Kd8 19. Qc2 Bd6 20. Re3 Qb4 21. Rb3 Qf4 22. exd6 Qxd6 23. Ba4 Rb8 24. Rcb1 b6 25. Qd2 h6 26. Qd4 e5 27. Qg4 Ke7 28. Rb5 g6 29. Rd1 d4 30. Re1 f6 31. Qxg6 Rbg8 32. Qb1 Qc6 33. g3 Qc4 34. Bc2 Rc8 35. Bf5 Rc6 36. Rxb6 Rd8 37. Rb7+ Kd6 38. Bg6 Qc3 39. Rd1 a4 40. Qf5 Kc5 41. Rbb1 a3 42. Rbc1 a2 43. Rxc3+ dxc3 44. Ra1 Rd2 45. Qf3 Kb5 46. Bd3+ Kb6 47. Be4 Rc5 48. Qxf6+ Kb5 49. Qxh6 Rb2 50. Qe3 Kb4 51. h4 c2 52. Bxc2 Rcxc2 53. h5 Rb1+ 54. Kg2 Rxa1 55. Qe4+ Kb3 56. Qd3+ Rc3 57. Qb5+ Ka3 58. Qa5+ Kb2 59. Qb4+ Kc2 60. Qe4+ Rd3 61. Qc4+ Kd2 62. Qb4+ Kd1 63. Qa4+ Kc1 64. Qc4+ Kd2 65. Qb4+ Kc2 66. Qc4+ Rc3 67. Qa4+ Kd3 68. Qb5+ Kd4 69. Qb6+ Kd5 70. Qb7+ Rc6 71. Qb3+ Kd6 72. Qb4+ Kd7 73. Qb7+ Kd6 74. Qb8+ Ke6 75. Qe8+ Kd5 76. Qd7+ Kc5 77. Qa7+ Kc4 78. Qa4+ Kd5 79. Qb5+ Rc5 80. Qd7+ Kc4 81. Qa4+ Kd3 82. Qa3+ Rc3 0-1


[Site "https://www.chess.com"]

[Event "Titled Tuesday Blitz November 01 Early 2022"]
[White "Tomaszewski, Kacper"]
[Black "Toshali, V"]
[WhiteFideId "1127373"]
[BlackFideId "5072611"]
[WhiteElo "2211"]
[BlackElo "1973"]
[Result "1-0"]
[Round "10"]
[TimeControl "180+1"]
[Date "2022.11.02"]
[WhiteClock "0:02:39"]
[BlackClock "0:02:28"]

1. e4 e5 2. Nf3 Nc6 3. Nc3 Nf6 4. h3 Bc5 5. Nxe5 Nxe5 6. d4 Bxd4 7. Qxd4 d6 8. Bg5 h6 9. Bh4 g5 10. Bg3 Qe7 11. O-O-O Nc6 12. Bb5 Bd7 13. Bxc6 bxc6 14. e5 1-0


[Site "https://www.chess.com"]

[Event "Titled Tuesday Blitz November 01 Early 2022"]
[White "Turutin, Alexander"]
[Black "Csonka, Balazs"]
[WhiteFideId "4180623"]
[BlackFideId "742910"]
[WhiteElo "2402"]
[BlackElo "2404"]
[Result "1-0"]
[Round "10"]
[TimeControl "180+1"]
[Date "2022.11.02"]
[WhiteClock "0:00:17"]
[BlackClock "0:00:03"]

1. e4 c5 2. Nc3 Nc6 3. Nge2 Nf6 4. g3 d5 5. exd5 Nxd5 6. Bg2 Nxc3 7. bxc3 g6 8. d4 Bg7 9. d5 Ne5 10. O-O O-O 11. Re1 b6 12. h3 Bb7 13. a4 Nc4 14. Qd3 Na5 15. Bg5 Qd7 16. h4 Rad8 17. Rad1 Rfe8 18. h5 Qxa4 19. hxg6 hxg6 20. Nf4 Qd7 21. Nxg6 fxg6 22. Qxg6 Bc8 23. Re6 Rf8 24. Be4 Rf7 25. Qh7+ Kf8 26. Bh6 Qxe6 27. Qh8# 1-0


[Site "https://www.chess.com"]

[Event "Titled Tuesday Blitz November 01 Early 2022"]
[White "Tworuszka, Michal"]
[Black "Mayaud, Raphael"]
[WhiteFideId "1117858"]
[BlackFideId "627151"]
[WhiteElo "2359"]
[BlackElo "2191"]
[Result "0-1"]
[Round "10"]
[TimeControl "180+1"]
[Date "2022.11.02"]
[WhiteClock "0:00:02"]
[BlackClock "0:00:40"]

1. d4 d5 2. c4 Nc6 3. Nf3 Bg4 4. cxd5 Bxf3 5. dxc6 Bxc6 6. Nc3 e6 7. e4 Nf6 8. f3 Bb4 9. Be3 a6 10. a3 Ba5 11. Be2 O-O 12. O-O Bb6 13. Qd2 Qe7 14. Rad1 Rfd8 15. Bc4 Rd7 16. Qf2 Rad8 17. Rd2 Ba7 18. Rfd1 b5 19. Bf1 Bb7 20. Bg5 h6 21. Be3 b4 22. axb4 Qxb4 23. Na2 Qa5 24. Nc3 c5 25. dxc5 Rxd2 26. Rxd2 Rxd2 27. Qxd2 Bxc5 28. Bxc5 Qxc5+ 29. Qf2 Qb4 30. h3 Nh5 31. Qd2 Ng3 0-1


[Site "https://www.chess.com"]

[Event "Titled Tuesday Blitz November 01 Early 2022"]
[White "Vasques, Antonio Pedro Freixial"]
[Black "Shapiro, Daniel"]
[WhiteFideId "1908332"]
[BlackFideId "2001780"]
[WhiteElo "2243"]
[BlackElo "2256"]
[Result "0-1"]
[Round "10"]
[TimeControl "180+1"]
[Date "2022.11.02"]
[WhiteClock "0:00:25"]
[BlackClock "0:00:10"]

1. e4 e5 2. Nf3 Nc6 3. Bc4 Be7 4. O-O Nf6 5. Re1 d6 6. h3 h6 7. c3 Be6 8. Bf1 d5 9. exd5 Qxd5 10. Na3 e4 11. Bc4 Qd7 12. Bxe6 Qxe6 13. d4 Qf5 14. Nh2 O-O 15. Nf1 a6 16. Ng3 Qg6 17. Qc2 Bxa3 18. bxa3 Rfe8 19. Bf4 Re7 20. Nf1 Nd5 21. Bh2 f5 22. c4 Nxd4 23. Qd1 Nf3+ 24. Kh1 Nxe1 25. Qxd5+ Kh7 26. Rxe1 c6 27. Qc5 Rd7 28. Ne3 Rd2 29. Kg1 Rxa2 30. Nxf5 Rd8 31. Bg3 Rdd2 32. Rxe4 Rd1+ 33. Kh2 Raa1 0-1


[Site "https://www.chess.com"]

[Event "Titled Tuesday Blitz November 01 Early 2022"]
[White "Vifleemskaia, Svetlana"]
[Black "Namitbir Singh Walia"]
[WhiteFideId "4129490"]
[BlackFideId "35071068"]
[WhiteElo "1929"]
[BlackElo "2239"]
[Result "0-1"]
[Round "10"]
[TimeControl "180+1"]
[Date "2022.11.02"]
[WhiteClock "0:01:35"]
[BlackClock "0:02:08"]

1. d4 Nf6 2. c4 c5 3. d5 d6 4. Nc3 g6 5. e4 Bg7 6. Bd3 O-O 7. Nge2 e5 8. O-O Na6 9. h3 h6 10. Be3 Nh7 11. a3 f5 12. exf5 gxf5 13. f4 e4 14. Bc2 Bd7 15. Ng3 Nc7 16. Nh5 Bh8 17. Kh2 Nf6 18. Rg1 Ng4+ 19. Kh1 Nxe3 0-1


[Site "https://www.chess.com"]

[Event "Titled Tuesday Blitz November 01 Early 2022"]
[White "Villamayor, Buenaventura"]
[Black "Koridze, Lile"]
[WhiteFideId "5200393"]
[BlackFideId "13612514"]
[WhiteElo "2301"]
[BlackElo "2050"]
[Result "1-0"]
[Round "10"]
[TimeControl "180+1"]
[Date "2022.11.02"]
[WhiteClock "0:01:03"]
[BlackClock "0:00:30"]

1. e4 c5 2. c3 Nf6 3. e5 Nd5 4. d4 cxd4 5. Nf3 Nc6 6. cxd4 d6 7. Bc4 Nb6 8. Bb5 d5 9. Nc3 Bg4 10. h3 Bxf3 11. Qxf3 e6 12. O-O a6 13. Bxc6+ bxc6 14. Qg3 Qc7 15. b3 Nd7 16. Na4 c5 17. Be3 c4 18. Rac1 Qc6 19. f4 Rc8 20. f5 exf5 21. Rxf5 Qe6 22. Rcf1 cxb3 23. axb3 f6 24. exf6 gxf6 25. Qf3 Bd6 26. Rxd5 Rg8 27. Nc5 Bxc5 28. dxc5 Ne5 29. Qe4 Ke7 30. Rd6 Qxh3 31. Rdxf6 Rxg2+ 32. Qxg2 Qxe3+ 33. Kh1 Rxc5 34. Qg7+ Kd8 35. Rf8# 1-0


[Site "https://www.chess.com"]

[Event "Titled Tuesday Blitz November 01 Early 2022"]
[White "Winkels, Marcel"]
[Black "Averjanov, Alexey"]
[WhiteFideId "1003887"]
[BlackFideId "14109867"]
[WhiteElo "1900"]
[BlackElo "2680"]
[Result "0-1"]
[Round "10"]
[TimeControl "180+1"]
[Date "2022.11.02"]
[WhiteClock "0:00:03"]
[BlackClock "0:00:38"]

1. e4 c6 2. d4 d5 3. exd5 cxd5 4. c4 Nf6 5. Nc3 e6 6. Nf3 Be7 7. cxd5 Nxd5 8. Bd3 Nc6 9. a3 O-O 10. O-O Bf6 11. Re1 g6 12. Ne4 Bg7 13. Bc2 b6 14. Bg5 Nce7 15. Ne5 Bb7 16. Bh4 Rc8 17. Rc1 Rc7 18. Ng4 f5 19. Bg3 Rxc2 20. Rxc2 fxg4 21. Ng5 Rf5 22. Nxe6 Qd7 23. Nxg7 Kxg7 24. Be5+ Kf7 25. Qxg4 Nc6 26. Rce2 Nce7 27. Qh3 Kg8 28. Qh6 Rf7 29. Bg3 Bc6 30. Re6 Nf5 31. Qg5 Nxg3 32. Qxg3 Nf4 33. R6e5 Qxd4 34. h4 Nd3 35. h5 Nxe5 36. Rxe5 Rf6 37. h6 Qd7 38. Qe3 Kf7 39. a4 Bd5 40. Qd4 Be6 41. Qb4 Rf5 42. Re3 Qd1+ 43. Kh2 Rxf2 44. Qe4 Rf6 45. Qb7+ Qd7 46. Qe4 Qd6+ 47. Kg1 Rf5 48. Re1 Qc5+ 0-1


[Site "https://www.chess.com"]

[Event "Titled Tuesday Blitz November 01 Early 2022"]
[White "Yeletsky, Ivan"]
[Black "Fernandez De La Vara, Arnaldo"]
[WhiteFideId "24180327"]
[BlackFideId "3518388"]
[WhiteElo "2391"]
[BlackElo "2387"]
[Result "1/2-1/2"]
[Round "10"]
[TimeControl "180+1"]
[Date "2022.11.01"]
[WhiteClock "0:00:23"]
[BlackClock "0:00:07"]

1. Nf3 c5 2. g3 b6 3. d3 d5 4. Bg2 Bb7 5. O-O Nf6 6. Nfd2 Nc6 7. e4 dxe4 8. dxe4 Qc7 9. Nc3 e6 10. Nc4 Rd8 11. Bf4 e5 12. Bd2 Ba6 13. b3 Be7 14. Re1 Bxc4 15. bxc4 Na5 16. Nd5 Nxd5 17. cxd5 Nc4 18. Bc3 O-O 19. Bf1 Na5 20. a4 c4 21. Kg2 Bc5 22. Qd2 f5 23. exf5 Rxf5 24. f3 Qf7 25. Rxe5 Rxf3 26. Re2 Rf8 27. Qg5 Rxf1 28. Bxg7 Qf3+ 29. Kh3 Qf5+ 30. Qxf5 R8xf5 31. Rxf1 Rxf1 32. Bc3 Kf7 33. Re6 Nb7 34. Rh6 Kg8 35. Rc6 Nd6 36. Be5 Ne4 37. Rc8+ Rf8 38. Rc7 Nf6 39. d6 Rf7 40. Rc8+ Rf8 41. Rxf8+ Kxf8 42. Bxf6 Bxd6 43. Kg4 Kf7 44. Kf5 a6 45. Bc3 b5 46. axb5 axb5 47. Be1 b4 48. Ke4 b3 49. cxb3 cxb3 50. Kd3 Be5 51. Bc3 b2 52. Bxb2 Bxb2 53. Ke4 Kg6 54. Kf3 Kh5 55. h3 Kg5 56. Kg2 Bd4 57. Kf3 Kf5 58. Kg2 Ke4 59. h4 h5 60. Kh3 Kf3 61. Kh2 Be5 62. Kh1 Kf2 63. Kh2 Bb8 64. Kh1 Kf3 65. Kh2 Ba7 66. Kh1 Bf2 67. Kh2 Be3 68. Kh1 Kf2 69. Kh2 Bd2 70. Kh1 Kf1 71. Kh2 Kf2 72. Kh1 Bh6 73. Kh2 Kf3 74. Kh1 Bg7 75. Kg1 Bd4+ 76. Kh1 Ke2 77. Kh2 Kf1 78. g4 Be5+ 79. Kh3 hxg4+ 80. Kxg4 Bf6 81. h5 Bh8 82. Kf5 Kg2 83. Kg6 Kh3 84. h6 Ba1 85. h7 Kg4 86. Kf7 Kh5 87. Kg8 Kg6 88. h8=Q Bxh8 1/2-1/2


[Site "https://www.chess.com"]

[Event "Titled Tuesday Blitz November 01 Early 2022"]
[White "Yuan, Qingyu"]
[Black "Navara, David"]
[WhiteFideId "8609772"]
[BlackFideId "309095"]
[WhiteElo "2359"]
[BlackElo "2676"]
[Result "0-1"]
[Round "10"]
[TimeControl "180+1"]
[Date "2022.11.01"]
[WhiteClock "0:00:03"]
[BlackClock "0:00:53"]

1. e4 c6 2. Nf3 d5 3. Nc3 Bg4 4. h3 Bxf3 5. Qxf3 e6 6. Be2 Nf6 7. O-O Bc5 8. Rd1 Bd4 9. exd5 cxd5 10. Nb5 Bb6 11. d4 Nc6 12. c3 a6 13. Na3 Ne4 14. Nc4 Bc7 15. Nd2 f5 16. Nxe4 dxe4 17. Qh5+ g6 18. Qh6 Qd6 19. g3 O-O-O 20. Bg5 Rd7 21. b4 Qf8 22. a4 Qxh6 23. Bxh6 Ne7 24. Bc4 Nd5 25. Rac1 Kb8 26. Kg2 Rc8 27. Bb3 Bd6 28. Bd2 b5 29. c4 bxc4 30. Bxc4 Ka7 31. b5 Rdc7 32. Be2 f4 33. gxf4 Bxf4 34. Rxc7+ Rxc7 35. bxa6 Rc2 36. Bxf4 Nxf4+ 37. Kf1 Nxe2 38. d5 exd5 39. Rxd5 Nf4 40. Rd7+ Kxa6 41. Kg1 Nxh3+ 42. Kg2 Nxf2 43. Rxh7 e3 44. Rg7 Nd3+ 45. Kf3 e2 46. Rxg6+ Ka5 47. Re6 e1=Q 0-1


[Site "https://www.chess.com"]

[Event "Titled Tuesday Blitz November 01 Early 2022"]
[White "Yurovskykh, Oleksandr"]
[Black "Harriott, Tyrell"]
[WhiteFideId "14134020"]
[BlackFideId "2086484"]
[WhiteElo "2303"]
[BlackElo "2107"]
[Result "1-0"]
[Round "10"]
[TimeControl "180+1"]
[Date "2022.11.02"]
[WhiteClock "0:00:24"]
[BlackClock "0:00:11"]

1. d4 e6 2. Bf4 d5 3. e3 Bd6 4. Bg3 Ne7 5. c4 c6 6. Nc3 Ng6 7. Nf3 O-O 8. Bd3 f5 9. Qc2 Na6 10. a3 f4 11. exf4 Bxf4 12. Bxg6 hxg6 13. Qxg6 Rf6 14. Qd3 dxc4 15. Qxc4 Nc7 16. Bh4 Nd5 17. Bxf6 Qxf6 18. O-O Bd7 19. Rfe1 Rf8 20. Ne4 Qh6 21. g3 Bxg3 22. hxg3 Rxf3 23. Kg2 Qh5 24. Rh1 Qg4 25. Rh4 Qf5 26. Rah1 Rxf2+ 27. Kg1 Ne3 28. Rh8+ Kf7 29. Nd6+ Kg6 30. R1h6+ gxh6 31. Nxf5 Rg2+ 32. Kh1 Nxc4 33. Ne7+ Kg7 34. Rg8+ Kf7 35. Kxg2 Kxe7 36. Rh8 e5 37. dxe5 Nxe5 38. Rxh6 Be6 39. Rh7+ Bf7 40. Kf1 Kf6 41. Rh6+ Ng6 42. Rh2 Bc4+ 43. Ke1 Bd5 44. Rf2+ Kg5 45. Rd2 a5 46. b4 axb4 47. axb4 b5 48. Kf2 Ne5 49. Rd4 Kf5 50. Rf4+ Kg5 51. Rh4 Ng6 52. Rd4 Ne5 53. Rh4 Be6 54. Re4 Kf5 55. Rf4+ Kg6 56. Re4 Kf6 57. Rf4+ Ke7 58. Re4 Kd6 59. Rd4+ Bd5 60. Ke3 Ng4+ 61. Kf4 Nf6 62. Kf5 Nd7 63. g4 Ke7 64. g5 Be6+ 65. Kf4 Bf7 66. Rd2 Bg6 67. Re2+ Kd6 68. Rd2+ Ke6 69. Re2+ Kf7 70. Rd2 Ke7 71. Rh2 Bc2 72. Rg2 Kf7 73. Rxc2 Nb6 74. Rc5 Nd5+ 75. Rxd5 cxd5 76. Ke5 d4 77. Kxd4 Kg6 78. Kc5 Kxg5 79. Kxb5 Kf6 80. Kc6 Ke7 81. Kc7 Ke6 82. b5 Kd5 83. b6 Kc5 84. b7 Kc4 85. b8=Q Kd3 86. Qb6 Kd2 87. Qd6+ Ke2 88. Kc6 Kf2 89. Kc5 Kg2 90. Qd4 Kh2 91. Kd5 Kh1 92. Ke5 Kh2 93. Qf4+ Kh3 94. Ke4 Kg2 95. Ke3 Kh1 96. Qg4 Kh2 97. Kf2 Kh1 98. Qg2# 1-0


[Site "https://www.chess.com"]

[Event "Titled Tuesday Blitz November 01 Early 2022"]
[White "Zacurdajev, Dmitry"]
[Black "Chernov, Mikhail"]
[WhiteFideId "4196309"]
[BlackFideId "24143170"]
[WhiteElo "2179"]
[BlackElo "2113"]
[Result "1-0"]
[Round "10"]
[TimeControl "180+1"]
[Date "2022.11.02"]
[WhiteClock "0:01:20"]
[BlackClock "0:00:52"]

1. d4 d5 2. c4 Nc6 3. Nf3 Bg4 4. e3 e6 5. Nc3 Bb4 6. cxd5 exd5 7. Be2 Nf6 8. O-O Bxc3 9. bxc3 O-O 10. h3 Bh5 11. Rb1 Ne4 12. Qc2 Na5 13. Ba3 Re8 14. Bb4 c6 15. Ne5 Bxe2 16. Qxe2 f6 17. Bxa5 Qxa5 18. Rxb7 Nd6 19. Nxc6 Qxc3 20. Rc7 Kh8 21. Qg4 Rg8 22. Ne7 Qxc7 23. Ng6+ 1-0


[Site "https://www.chess.com"]